Map: Fields of Death

Players

micron

  • Race: Terran Terran

Gryzun

  • Race: Terran Terran

neulaender - Winner!

  • Race: Zerg Zerg

Baumdoktor - Winner!

  • Race: Protoss Protoss

VOD

Have the link to the VOD?

Description

Time

  • Played on: Oct. 16, 2016, 1:11 p.m.
  • Length: 13:37
Show
View Real Time Build Order
Export as new Build Order

micron Terran 

Build Orders: MMM Bio 

Get SALT Encoding   

  12  0:01  SCV  
  13  0:13  SCV  
  14  0:18  Supply Depot  
  14  0:25  SCV  
  15  0:39  SCV  
  15  0:41  Barracks  
  16  0:51  SCV  
  17  1:03  SCV  
  18  1:17  Command Center  
  18  1:19  SCV  
  19  1:27  Refinery  
  19  1:32  Marine  
  20  1:37  Orbital Command  
  20  1:50  Marine  
  21  2:07  SCV  
  22  2:12  Refinery  
  22  2:18  Barracks Tech Lab  
  22  2:29  Orbital Command  
  22  2:33  Refinery  
  22  2:36  Supply Depot  
  22  2:37  Supply Depot  
  22  2:45  SCV  
  22  2:46  Factory  
  23  3:00  SCV x2  
  23  3:04  Marine, Stimpack  
  26  3:12  Barracks  
  26  3:15  Barracks  
  26  3:19  Supply Depot  
  26  3:21  SCV  
  26  3:25  SCV  
  28  3:29  Marine  
  29  3:35  Starport  
  29  3:40  SCV  
  30  3:42  SCV  
  31  3:50  Supply Depot  
  31  3:51  Factory Tech Lab  
  30  3:58  SCV x2  
  32  4:06  Refinery  
  32  4:07  Barracks Tech Lab, Barracks Reactor  
  32  4:11  Siege Tank  
  32  4:12  Starport Reactor  
  35  4:20  Supply Depot, SCV  
  36  4:26  Combat Shields  
  36  4:36  Engineering Bay  
  36  4:37  SCV x2  
  38  4:47  Marauder  
  38  4:48  Marauder  
  38  4:49  Medivac x2, Siege Tank  
  38  4:51  Marine  
  50  4:53  SCV  
  50  4:54  SCV  
  52  5:05  Terran Infantry Weapons Level 1  
  52  5:12  Engineering Bay  
  52  5:13  Armory  
  52  5:15  SCV x2  
  52  5:16  Supply Depot  
  52  5:17  Supply Depot  
  52  5:20  Concussive Shells  
  52  5:21  Marauder  
  56  5:26  Marauder  
  56  5:27  Medivac x2, Marine x2  
  64  5:48  Marauder  
  64  5:49  Marine x2  
  67  5:50  Marauder  
  67  5:52  SCV x2  
  72  5:58  Medivac  
  72  5:59  Terran Infantry Armor Level 1  
  74  6:04  SCV  
  74  6:10  Supply Depot  
  74  6:11  Supply Depot x2  
  75  6:21  Terran Vehicle And Ship Armor Level 1, Marine x2  
  75  6:23  Siege Tank, Marauder  
  75  6:25  Liberator x2  
  82  6:29  SCV  
  82  6:30  Supply Depot, SCV  
  82  6:31  Supply Depot  
  82  6:32  Supply Depot  
  84  6:33  Supply Depot  
  84  6:35  Supply Depot  
  84  6:42  SCV  
  91  6:47  Barracks  
  91  6:50  Barracks  
  91  6:53  Barracks  
  91  6:59  Marine x2  
  91  7:00  Siege Tank, Marauder  
  98  7:02  Terran Infantry Weapons Level 2  
  98  7:11  Command Center x2  
  98  7:12  Liberator  
  98  7:17  Command Center  
  98  7:23  Missile Turret x2  
  98  7:29  Medivac  
  103  7:36  Barracks Reactor  
  103  7:37  Barracks Reactor  
  103  7:40  Barracks Reactor  
  103  7:58  Marine x4  
  105  7:59  Siege Tank  
  105  8:01  Terran Infantry Armor Level 2  
  110  8:14  Marine x3  
  110  8:15  Marine  
  110  8:16  Medivac x2, Marine  
  110  8:17  Marauder x2  
  123  8:25  Supply Depot  
  123  8:26  Supply Depot x2  
  123  8:27  Orbital Command x2  
  123  8:29  Orbital Command, Supply Depot  
  123  8:31  Supply Depot  
  123  8:38  Marauder x2  
  127  8:42  Liberator  
  127  8:45  Marine x3  
  127  8:46  Marine  
  131  8:59  Medivac, Marauder x2  
  131  9:00  Terran Vehicle And Ship Armor Level 2  
  140  9:08  Command Center  
  134  9:10  Missile Turret  
  78  9:33  Marine x5  
  78  9:34  Marauder x2, Marine  
  68  9:42  Marine x2  
  68  9:44  Siege Tank  
  61  9:46  Medivac x2  
  61  9:50  Marine  
  61  9:51  Marine x2  
  67  10:02  Marine x2  
  67  10:03  Marauder, Marine x3  
  62  10:08  Marine  
  62  10:09  Marine  
  58  10:25  Marauder  
  59  10:28  Marine  
  59  10:29  Widow Mine, Marine x6  
  60  10:46  Marine x2, Marauder  
  60  10:47  Marine x3  
  60  10:49  Liberator  
  47  11:05  Missile Turret x2, Marine x4  
  47  11:06  Marine  
  47  11:07  Medivac, Marauder  
  55  11:27  Marine x2  
  55  11:28  Thor, Marine x3  
  55  11:29  Marauder  
  68  11:50  Marauder  
  70  11:54  SCV x3  
  73  12:06  Marine x2  
  73  12:07  Medivac x2, Marine x2  
  81  12:12  Marauder  
  57  12:31  Marine  
  57  12:32  Marine x3  
  57  12:33  Marauder  
  58  12:37  Medivac  
  60  12:48  Marine x4  
  52  12:54  Marauder  
  34  13:00  Marine x2  
Show
View Real Time Build Order
Export as new Build Order

Gryzun Terran 

Build Orders:  

Get SALT Encoding   

  12  0:01  SCV  
  13  0:13  SCV  
  14  0:23  Supply Depot  
  14  0:25  SCV  
  15  0:31  Refinery  
  15  0:48  Barracks  
  15  0:53  SCV  
  16  1:05  SCV  
  16  1:06  Barracks  
  17  1:17  SCV  
  18  1:29  SCV  
  18  1:30  Supply Depot  
  19  1:37  Marine  
  20  1:49  Factory  
  20  1:55  Marine  
  20  1:56  Refinery  
  20  1:58  Barracks Tech Lab  
  21  2:29  Barracks Reactor  
  21  2:31  Marine  
  21  2:32  Command Center  
  21  2:35  Factory Tech Lab  
  22  2:40  SCV  
  23  2:53  Engineering Bay  
  23  3:00  Marine  
  24  3:06  Siege Tank  
  24  3:09  Marine  
  28  3:14  SCV  
  29  3:30  Starport  
  29  3:31  Marine  
  30  3:43  Widow Mine  
  30  3:46  Supply Depot  
  32  3:49  SCV  
  33  3:56  SCV  
  34  4:03  Marine  
  34  4:04  Marine  
  34  4:08  SCV  
  37  4:13  Medivac  
  39  4:23  SCV  
  40  4:30  Missile Turret  
  40  4:35  SCV  
  41  4:51  Missile Turret  
  41  5:00  Orbital Command  
  41  5:14  Missile Turret  
  41  5:32  Orbital Command  
  41  5:37  Missile Turret  
  41  5:41  SCV  
  42  5:53  SCV  
  43  6:30  SCV  
  44  6:39  Refinery  
  44  7:20  SCV  
  44  7:22  Refinery  
  45  7:32  SCV  
  44  7:44  SCV  
  37  8:33  SCV  
  38  8:45  SCV  
  39  8:57  SCV  
  36  9:52  Missile Turret  
  36  9:57  Missile Turret  
  23  10:44  SCV  
  24  10:56  SCV  
Show
View Real Time Build Order
Export as new Build Order

neulaender Zerg - Winner!

Build Orders: Hatch First, Muta Ling Bane 

Get SALT Encoding   

  12  0:09  Overlord  
  12  0:12  Drone  
  13  0:16  Drone  
  14  0:28  Drone  
  15  0:31  Drone  
  16  0:42  Drone  
  17  0:54  Drone  
  18  1:01  Hatchery  
  17  1:05  Extractor  
  16  1:15  Spawning Pool  
  15  1:23  Drone x2  
  17  1:30  Drone  
  18  1:35  Drone  
  19  1:59  Drone x2  
  21  2:08  Drone  
  22  2:12  Queen  
  22  2:13  Queen  
  22  2:15  Overlord  
  26  2:20  Drone  
  27  2:23  Metabolic Boost  
  27  2:27  Zergling x2  
  28  2:34  Drone  
  29  2:39  Drone  
  30  2:44  Drone  
  31  2:52  Drone  
  31  2:53  Drone  
  31  2:57  Lair  
  33  3:07  Overlord  
  33  3:12  Baneling Nest  
  32  3:13  Drone x3  
  32  3:14  Extractor  
  34  3:23  Drone x2  
  34  3:25  Overlord x2  
  37  3:34  Drone x3  
  37  3:40  Evolution Chamber  
  38  3:44  Zergling x2, Evolution Chamber  
  38  3:45  Zergling x4  
  40  3:57  Drone x4  
  40  4:00  Extractor  
  40  4:02  Drone x2, Extractor  
  44  4:03  Centrifical Hooks  
  44  4:13  Drone x3  
  44  4:17  Drone  
  48  4:21  Drone  
  49  4:31  Drone x2  
  49  4:34  Drone x2  
  49  4:37  Zerg Melee Weapons Level 1  
  53  4:40  Pneumatized Carapace  
  53  4:43  Zergling x8  
  57  5:03  Zergling x2  
  57  5:04  Zergling x2  
  57  5:05  Zergling x2  
  60  5:07  Overlord x3  
  60  5:11  Zerg Ground Armor Level 1  
  60  5:27  Hatchery  
  59  5:44  Drone x6  
  65  6:02  Spire  
  64  6:09  Spire  
  63  6:24  Zergling x2  
  63  6:25  Zergling x10  
  69  6:32  Drone x6  
  75  6:53  Baneling x12  
  75  6:56  Queen, Drone x2  
  79  7:02  Zergling x2  
  79  7:03  Zergling x20  
  79  7:06  Overlord  
  90  7:28  Zerg Flyer Armor Level 1, Zerg Flyer Weapons Level 1, Mutalisk  
  90  7:29  Mutalisk x3  
  97  7:31  Overlord x2  
  97  7:32  Overlord  
  97  7:37  Extractor  
  97  7:38  Extractor  
  95  7:58  Mutalisk  
  95  7:59  Mutalisk x5  
  107  8:06  Overseer  
  107  8:14  Drone x2  
  107  8:15  Drone  
  107  8:16  Drone x3  
  113  8:31  Mutalisk x3  
  119  8:35  Zergling x4  
  119  8:37  Overlord x2  
  119  8:38  Overlord x2  
  119  9:21  Mutalisk x7  
  119  9:23  Hatchery  
  130  9:30  Zergling x24  
  136  9:43  Mutalisk  
  136  9:44  Mutalisk x2  
  119  10:15  Zerg Flyer Armor Level 2, Zerg Flyer Weapons Level 2  
  117  10:26  Hatchery  
  110  10:37  Extractor  
  110  10:40  Zergling x32  
  110  10:41  Zergling x6  
  122  10:55  Mutalisk x4  
  130  11:22  Mutalisk  
  130  11:23  Mutalisk x8  
  148  11:34  Drone x3  
  151  11:41  Drone x3  
  151  11:46  Extractor  
  153  11:47  Queen, Drone  
  153  11:51  Queen  
  153  11:52  Drone x2  
  160  11:55  Drone  
  160  12:01  Zergling x8  
  162  12:02  Zergling x2  
  162  12:04  Overlord  
  162  12:05  Overlord x4  
  166  12:12  Infestation Pit  
  165  12:32  Mutalisk x2  
  165  12:33  Mutalisk x6  
  166  13:03  Mutalisk x5  
  166  13:04  Mutalisk  
Show
View Real Time Build Order
Export as new Build Order

Baumdoktor Protoss - Winner!

Build Orders: 1 Gate Expand 

Get SALT Encoding   

  12  0:02  Probe (Chrono Boost)  
  13  0:13  Probe (Chrono Boost)  
  14  0:18  Pylon  
  14  0:23  Probe (Chrono Boost)  
  15  0:36  Probe (Chrono Boost)  
  15  0:42  Gateway  
  16  0:46  Probe (Chrono Boost)  
  18  0:57  Probe (Chrono Boost)  
  18  1:07  Probe (Chrono Boost)  
  19  1:17  Nexus  
  19  1:23  Pylon  
  19  1:27  Probe (Chrono Boost)  
  20  1:38  Cybernetics Core  
  20  1:41  Assimilator  
  20  1:46  Assimilator  
  20  1:49  Probe (Chrono Boost)  
  21  1:59  Probe (Chrono Boost)  
  22  2:04  Warp Gate  
  22  2:10  Probe (Chrono Boost)  
  23  2:22  Probe (Chrono Boost)  
  24  2:31  Gateway  
  24  2:34  Gateway, Probe (Chrono Boost)  
  25  2:40  Twilight Council  
  25  2:46  Probe (Chrono Boost)  
  26  2:53  Pylon  
  26  2:56  Pylon  
  26  2:58  Probe (Chrono Boost)  
  27  3:04  Probe (Chrono Boost)  
  28  3:10  Probe (Chrono Boost)  
  29  3:15  Probe (Chrono Boost)  
  29  3:17  Resonating Glaives  
  30  3:22  Probe (Chrono Boost)  
  30  3:26  Probe (Chrono Boost)  
  32  3:33  Gateway  
  33  3:34  Probe (Chrono Boost)  
  33  3:35  Gateway  
  33  3:36  Probe (Chrono Boost)  
  34  3:44  Adept x2  
  34  3:48  Adept  
  40  3:59  Probe (Chrono Boost)  
  41  4:12  Probe (Chrono Boost)  
  42  4:20  Assimilator  
  42  4:24  Probe (Chrono Boost), Assimilator  
  42  4:30  Probe (Chrono Boost)  
  44  4:35  Probe (Chrono Boost)  
  45  4:42  Probe (Chrono Boost)  
  45  4:44  Adept x5, Charge  
  57  4:45  Probe (Chrono Boost)  
  58  4:54  Probe (Chrono Boost)  
  58  4:56  Probe (Chrono Boost)  
  59  5:06  Probe (Chrono Boost)  
  60  5:12  Stargate  
  60  5:14  Stargate  
  60  5:17  Probe (Chrono Boost)  
  61  5:27  Probe (Chrono Boost), Pylon  
  62  5:32  Pylon  
  62  5:36  Pylon  
  62  5:44  Pylon  
  62  5:47  Zealot x2  
  62  5:48  Zealot x2  
  70  6:09  Adept  
  70  6:10  Adept x4  
  80  6:18  Void Ray x2  
  88  6:44  Adept x2  
  88  6:45  Adept  
  94  7:03  Pylon  
  94  7:10  Pylon  
  94  7:16  Pylon  
  94  7:21  Void Ray x2  
  94  7:22  Pylon  
  102  7:34  Pylon  
  102  7:42  Stalker  
  102  7:43  Stalker x4  
  110  8:06  Void Ray x2  
  118  8:15  Zealot x3  
  118  8:16  Zealot x2  
  128  8:36  Nexus  
  126  8:49  Void Ray x2  
  134  8:58  Robotics Facility  
  134  9:04  Pylon  
  134  9:08  Pylon  
  134  9:10  Pylon  
  88  9:32  Void Ray x2  
  86  9:47  Zealot x5  
  96  10:18  Zealot x3  
  96  10:19  Zealot x2  
  92  10:44  Adept x3  
  92  10:45  Adept x2  
  102  10:51  Observer  
  102  10:55  Void Ray x2  
  111  11:13  Observer  
  111  11:16  Adept x5  
  122  11:20  Probe (Chrono Boost)  
  123  11:31  Probe (Chrono Boost)  
  124  11:34  Immortal  
  124  11:37  Void Ray  
  124  11:38  Void Ray  
  136  11:41  Probe (Chrono Boost)  
  136  11:46  Adept x2  
  141  11:47  Adept, Assimilator  
  141  11:51  Assimilator  
  141  11:52  Probe (Chrono Boost)  
  144  12:02  Probe (Chrono Boost)  
  143  12:20  Void Ray x2  
  115  13:25  Zealot x5  
Tags
 
Add a new tag
Caveats
  • Supply blocks, unpowered buildings, or Contaminate may cause inaccurate times.
  • Supply counts are checked every 10 seconds.